 Dungeon Crawl Stone Soup version 0.31-a0-408-gb642c7f9a3 (webtiles) character file.

Game seed: 16539409936392969507

66 Gelion the Changeling (level 4, -1/29 HPs)
             Began as an Octopode Shapeshifter on July 29, 2023.
             Killed from afar by an orc wizard (4 damage)
             ... with a magic dart
             ... on level 3 of the Dungeon.
             The game lasted 00:03:00 (1346 turns).

Gelion the Changeling (Octopode Shapeshifter)       Turns: 1346, Time: 00:03:00

Health: -1/29      AC:  1    Str: 14    XL:     4   Next: 15%
Magic:  4/4        EV: 13    Int: 10    God:
Gold:   132        SH:  0    Dex: 14    Spells: 3/3 levels left

rFire   . . .        c - +0 dagger
rCold   . . .        (no shield)
rNeg    . . .        (helmet currently unavailable)
rPois   .            (no amulet)
rElec   .            (no ring)
rCorr   .            (no ring)
SInv    .            (no ring)
Will    .....        (no ring)
Stlth   ++           (no ring)
HPRegen 0.24/turn    (no ring)
MPRegen 0.09/turn    (no ring)
                     (no ring)

%: no passive effects
@: beast-form
A: beast (slay +2), almost no armour, amphibious, 8 rings, camouflage 1,
gelatinous body 1, (nimble swimmer 1), tentacles
a: Begin Untransformation


You were on level 3 of the Dungeon.
You were a hulking beast.
You visited 1 branch of the dungeon, and saw 3 of its levels.

You collected 132 gold pieces.

Inventory:

Hand Weapons
 c - a +0 dagger (weapon)
Talismans
 b - a beast talisman
Scrolls
 e - a scroll of fog {unknown}
 f - 2 scrolls of teleportation
Potions
 a - 2 potions of lignification
 d - a potion of haste {unknown}


   Skills:
 + Level 2.0 Fighting
 - Level 2.0 Dodging
 + Level 3.5 Unarmed Combat
 * Level 3.7 Shapeshifting


You had 3 spell levels left.
You didn't know any spells.
Your spell library contained the following spells:

 Spells                   Type           Power      Damage    Failure   Level
 Static Discharge         Conj/Air       0%         2-2/arc   50%         2
 Airstrike                Air            0%         2d(0-16)  98%         4
 Summon Lightning Spire   Summ/Air       0%         N/A       98%         4


Dungeon Overview and Level Annotations

Branches:
Dungeon (3/15)

Altars:

Shops:
D:2 :


Innate Abilities, Weirdness & Mutations

You are a hulking beast.
Your limbs bulge with bestial killing power. (Slay +2)
You cannot wear most types of armour.
You are amphibious.
You can wear up to eight rings at the same time.
Your skin changes colour to match your surroundings (Stealth+).
Your rubbery body absorbs attacks. (AC +1, EV +1)
((You are camouflaged when in or above water. (Stealth+)))
You have tentacles for arms and can constrict up to eight enemies at once.


Message History

The orc wizard flickers and vanishes!
Deactivating autopickup; reactivate with Ctrl-A.
You bump into the rock wall.
The orc closely misses you.
You bump into the rock wall.
The orc hits you with a +3 hand axe.
You feel less confused. The orc hits you with a +3 hand axe.
Unknown command.
You hit the orc. You grab the orc. You squeeze the orc.
You kill the orc!
The orc misses you. The orc attacks as you move away!
The orc closely misses you. The orc attacks as you move away!
The orc barely misses you.
You hit the orc. Your grab misses the orc. Your squeeze misses the orc.
The orc is heavily wounded.
The orc hits you with a +0 flail.
You hit the orc.
You kill the orc!
Your Fighting skill increases to level 2!
You hear some strange, mumbled words.
Something tries to affect you, but you resist.
The worm barely misses you.
You hit the worm. You grab the worm.
The worm is lightly wounded.
You constrict the worm. You hit the worm. You squeeze the worm.
The worm is heavily wounded.
You constrict the worm. The worm bites you!
You hit the worm.
The worm is severely wounded.
You constrict the worm. The worm bites you!
* * * LOW HITPOINT WARNING * * *
You hit the worm but do no damage.
The worm is almost dead.
You constrict the worm.
You kill the worm!
You hit something but do no damage.
You hear some strange, mumbled words.
A magic dart appears from out of thin air!
The magic dart hits you.
You die...

....# #.........#
# ....#
#.#######.#
....###.# #. #
....##..# #. .#
....'..## #.##.#
....'#######
#....#
#.#........# #.#
..#....)...#####.#
..........(....#h#
.....#####.....#{#
..8.## ##.8...o#
...# ##..)#.# ..#
###....# .#
#.##.)##
...##..#..#
####...J..#
......)#..#


You could see an orc priest.

Vanquished Creatures
  2 adders (D:2)
  A worm (D:3)
  2 dart slugs (D:2)
  3 orcs (D:3)
  7 ball pythons
  2 bats
  3 endoplasms
  4 giant cockroaches
  A goblin (D:2)
  3 hobgoblins
  3 kobolds
  A quokka (D:2)
  5 rats
37 creatures vanquished.

Vanquished Creatures (others)
  A worm (D:2)
  A bat (D:2)
  A goblin (D:2)
  A quokka (D:2)
  2 rats (D:2)
6 creatures vanquished.

Grand Total: 43 creatures vanquished

Notes
Turn   | Place    | Note
-------+----------+-------------------------------------------
     0 | D:1      | Gelion the Octopode Shapeshifter began the quest for the
                  | Orb.
     0 | D:1      | Reached XP level 1. HP: 13/13 MP: 1/1
   245 | D:1      | Reached XP level 2. HP: 17/18 MP: 2/2
   446 | D:2      | Reached XP level 3. HP: 21/23 MP: 3/3
   927 | D:2      | Found Epradwoy's Book Emporium.
  1321 | D:3      | Found a faded altar of an unknown god.
  1324 | D:3      | Reached XP level 4. HP: 29/29 MP: 4/4
  1346 | D:3      | Killed from afar by an orc wizard

Illustrated notes

Levels and vault maps discovered:
D:1:      onia_arrival_handbag, layout_rooms, minmay_misc_feat_alley
D:2:      layout_basic, serial_shops, shop, lemuel_flame_loot_1
D:3:      kennysheep_goblin_castle, layout_basic,
          nicolae_overflow_ecumenical_swirl, amcnicky_altar_gilded

Skill      XL: |  1  2  3  4 |
---------------+-------------+-----
Fighting       | 2 |  2.0
Dodging        | |  2.0
Unarmed Combat | |  3.5
Shapeshifting  | |  3.7

Action                     |  1- 3 |  4- 6 || total
---------------------------+-------+-------++-------
  Melee: Dagger            |    64 |     8 ||    72
         Unarmed           |     4 |       ||     4
         Constrict         |    15 |     2 ||    17
         Tentacles         |    13 |     2 ||    15
         Punch             |     1 |       ||     1
    Use: Scroll            |     1 |       ||     1
   Stab: Sleeping          |    11 |       ||    11
 Armour: Skin              |     6 |       ||     6
  Dodge: Dodged            |    29 |     5 ||    34

Table legend: (Time is in decaauts)
 A = Elapsed time spent in this place.
 B = Non-inter-level travel time spent in this place.
 C = Inter-level travel time spent in this place.
 D = Time resting spent in this place.
 E = Time spent auto-exploring this place.
 F = Levels seen in this place.
 G = Mean time per level.
                   A        B        C        D        E       F      G
               +--------+--------+--------+--------+--------+-----+--------+
         Total |   1344 |   1309 |     35 |      0 |   1030 |   3 |  448.0 |
       Dungeon |   1344 |   1309 |     35 |      0 |   1030 |   3 |  448.0 |
               +--------+--------+--------+--------+--------+-----+--------+

Top non-repeatable levels by time:
     D:2: 798 daAuts
     D:1: 394 daAuts
     D:3: 151 daAuts
